 Dungeon Crawl Stone Soup version 0.25-a0-36-g303dd5b1f4 (webtiles) character file.

Game seed: 9489291673720502698, levelgen mode: deterministic

12551 Heliosone the Fighter (level 12, -1/78 HPs)
             Began as a Kobold Berserker on Oct 20, 2019.
             Was a High Priest of Trog.
             Slain by a skeletal warrior
             ... wielding a +3 short sword
             ... led by a skeletal warrior
              (20 damage)
             ... on level 11 of the Dungeon.
             The game lasted 00:39:32 (16793 turns).

Heliosone the Fighter (Kobold Berserker)           Turns: 16793, Time: 00:39:33

Health: -1/78      AC: 10    Str: 18    XL:     12   Next: 21%
Magic:  4/4        EV: 20    Int:  7    God:    Trog [*****.]
Gold:   601        SH:  6    Dex: 15    Spells: 11/11 levels left

rFire    + . .     SeeInvis .   a - +5 rapier (antimagic)
rCold    . . .     Gourm    .   M - +0 buckler
rNeg     + + .     Faith    .   W - +2 ring mail of the Fisher {rC- rN++ rCorr Int-5 Slay+3}
rPois    .         Spirit   .   R - +2 hat {Int+3}
rElec    .         Reflect  .   J - scarf {rC+ rF+}
rCorr    +         Harm     .   (no gloves)
MR       .....                  (no boots)
Stlth    ++++......             (no amulet)
HPRegen  0.23/turn              (no ring)
MPRegen  0.09/turn              (no ring)

@: berserk cooldown, slowed, very slow
A: small, carnivore
a: Berserk, Trog's Hand, Brothers in Arms, Renounce Religion


You were on level 11 of the Dungeon.
You worshipped Trog.
Trog was extremely pleased with you.
You were not hungry.

You visited 2 branches of the dungeon, and saw 13 of its levels.

You collected 601 gold pieces.

Inventory:

Hand Weapons
 a - a +5 antimagic rapier (weapon)
 b - a +0 dagger of venom
Missiles
 d - 28 poisoned darts (quivered)
 K - 2 throwing nets
Armour
 J - a scarf of resistance (worn)
 M - a +0 buckler (worn)
 R - a +2 hat of intelligence (worn)
 W - the +2 ring mail of the Fisher (worn) {rC- rN++ rCorr Int-5 Slay+3}
   (You found it on level 9 of the Dungeon)

   It affects your intelligence (-5).
   It affects your accuracy and damage with ranged weapons and melee attacks
   (+3).
   It makes you vulnerable to cold.
   It greatly protects you from negative energy.
   It provides partial protection from all sources of acid and corrosion.
Wands
 w - a wand of digging (3)
 z - a wand of acid (9)
 F - a wand of iceblast (11)
 L - a wand of flame (5)
Scrolls
 f - a scroll of random uselessness {unknown}
 g - a scroll of identify
 j - 2 scrolls of noise {unknown}
 o - 2 scrolls of blinking
 p - 5 scrolls of remove curse
 A - 2 scrolls of fog {unknown}
 C - 5 scrolls of teleportation
 Q - a scroll of enchant armour {unknown}
 T - a scroll of brand weapon {unknown}
 U - a scroll of fear {unknown}
 X - a scroll of amnesia {unknown}
 Y - a scroll of vulnerability {unknown}
Potions
 e - 2 potions of mutation {unknown}
 h - 2 potions of might {unknown}
 i - 2 potions of agility {unknown}
 l - 2 potions of flight {unknown}
 n - a potion of magic {unknown}
 x - 4 potions of curing {unknown}
 B - a potion of haste {unknown}
 H - a potion of degeneration {unknown}
 P - 2 potions of ambrosia {unknown}
 Z - a potion of lignification {unknown}
Comestibles
 c - 12 rations


   Skills:
 - Level 10.5 Fighting
 - Level 8.0 Short Blades
 + Level 7.7 Armour
 - Level 10.1 Dodging
 + Level 9.8 Stealth
 - Level 5.6 Shields


You had 11 spell levels left.
You didn't know any spells.
Your spell library was empty.

Dungeon Overview and Level Annotations

Branches:
Dungeon (12/15)            Temple (1/1) D:7            Lair (0/6) D:11
    Orc (0/2) D:10

Altars:
Ashenzari
Cheibriados
Dithmenos
Elyvilon
Fedhas
Gozag
Hepliaklqana
Kikubaaqudgha
Makhleb
Nemelex Xobeh
Okawaru
Qazlal
Ru
Sif Muna
Trog
Uskayaw
Vehumet
Wu Jian
Xom
Yredelemnul
Zin
The Shining One

Annotations:
D:7 2 transporters, Gynju's ghost, novice DEFE
D:11 exclusion: hydra


Innate Abilities, Weirdness & Mutations

You are small and have problems with some larger weapons.
You are carnivorous and can eat meat at any time.


Message History

You are too injured to fight recklessly!
You are too injured to fight recklessly!
You are too injured to fight recklessly!
A red film seems to cover your vision as you go berserk!
You feel yourself moving faster!
You feel mighty!
You feel a lot more hungry.
You block the skeletal warrior's attack.
You feel a strong urge to attack something.
The skeletal warrior completely misses you.
You feel your anger nearly subside.
The skeletal warrior hits you with a +3 short sword!
You are no longer berserk.
Trog's vigour flows through your veins.
You are exhausted.
You feel yourself slow down.
The skeletal warrior hits you but does no damage.
The skeletal warrior hits you with a +3 short sword!
* * * LOW HITPOINT WARNING * * *
You block the skeletal warrior's attack.
The skeletal warrior hits you with a +3 short sword!!
You die...

##....[..##..####.##..# ###
##.......##..## #.#..##
..####..#.........# #...##
#.......#...)##.### ##..#
#...............###### ##[#
#.#...........###....# #.# ###
.......(.....## #....# #.# #.#
...#.........####.[..# ##.# #.#
...#.<.........)@z[..###..# #.#
.............####....##...###.#
...#.........# #.....#.#..##.#
...#.........# #.......##.#..#
...########### ####...###.#..#
...# #.#.# #.#..# .<.# ###.#.#
#.#..# ...# #...#.###...## ...#
#.###.##....#


You could see a skeletal warrior.

Vanquished Creatures
  Gastronok (D:8)
  A two-headed ogre (D:9)
  A skeletal warrior (D:11)
  A manticore (D:12)
  Joseph (D:9)
  5 gargoyles
  A troll (D:12)
  Grinder (D:2)
  A meliai zombie (D:10)
  A spriggan (D:11)
  Sigmund (D:5)
  3 yaks (D:10)
  A wraith (D:10)
  Eustachio (D:5)
  A hungry ghost (D:11)
  Menkaure (D:5)
  3 wargs (D:10)
  An orc warrior (D:8)
  3 sky beasts
  3 phantoms
  4 ogres
  4 centaurs
  A crocodile (D:11)
  2 big kobolds
  8 bullfrogs
  6 scorpions
  14 killer bees
  8 wights
  3 crimson imps
  5 hounds
  2 quasits
  4 orc priests
  A bullfrog skeleton (D:12)
  3 orc wizards
  A centaur skeleton (D:8)
  A jelly (D:8)
  A gnoll shaman (D:7)
  Jessica (D:2)
  Terence (D:2)
  2 iguanas
  Natasha (thrice) (D:3)
  4 human skeletons (D:4)
  12 worker ants
  Robin (D:3)
  14 adders
  13 gnolls
  3 river rats (D:5)
  2 shadow imps
  An ooze (D:3)
  2 adder skeletons
  3 worms
  3 dart slugs
  2 leopard geckos
  22 orcs
  4 bats
  12 giant cockroaches
  17 goblins
  7 hobgoblins
  11 jackals
  6 quokkas
  A ball python (D:4)
  A ball python zombie (D:5)
  4 frilled lizards
  18 kobolds
  A leopard gecko skeleton (D:8)
  A leopard gecko zombie (D:8)
  2 orc skeletons (D:4)
  A quokka skeleton (D:8)
  7 rats
282 creatures vanquished.

Vanquished Creatures (collateral kills)
  An unseen horror (D:11)
1 creature vanquished.

Grand Total: 283 creatures vanquished

Notes
Turn   | Place    | Note
-------+----------+-------------------------------------------
     0 | D:1      | Heliosone the Kobold Berserker began the quest for the Orb.
     0 | D:1      | Reached XP level 1. HP: 14/14 MP: 1/1
   164 | D:1      | Reached skill level 1 in Stealth
   164 | D:1      | Reached XP level 2. HP: 19/19 MP: 2/2
   940 | D:2      | Reached XP level 3. HP: 17/24 MP: 3/3
  1202 | D:2      | Noticed Terence
  1212 | D:2      | Killed Terence
  1212 | D:2      | Reached XP level 4. HP: 29/29 MP: 4/4
  1441 | D:2      | Reached ** piety under Trog
  1519 | D:2      | Reached skill level 5 in Short Blades
  1802 | D:2      | Reached XP level 5. HP: 30/34 MP: 5/5
  1953 | D:2      | Noticed Jessica
  1957 | D:2      | Killed Jessica
  2160 | D:3      | Noticed Grinder
  2465 | D:2      | Killed Grinder
  2465 | D:2      | Reached skill level 5 in Fighting
  2465 | D:2      | Reached skill level 5 in Stealth
  2465 | D:2      | Reached XP level 6. HP: 40/40 MP: 6/6
  2661 | D:3      | Noticed an ogre
  2680 | D:3      | Killed an ogre
  2680 | D:3      | Reached XP level 7. HP: 44/44 MP: 7/7
  3466 | D:3      | Noticed Robin
  3694 | D:3      | Reached *** piety under Trog
  3763 | D:3      | Killed Robin
  3931 | D:3      | Noticed Natasha
  3944 | D:3      | Killed Natasha
  4136 | D:3      | Noticed Natasha
  4156 | D:3      | Killed Natasha
  4191 | D:3      | Noticed Natasha
  4199 | D:3      | Killed Natasha
  4539 | D:4      | Reached XP level 8. HP: 49/51 MP: 8/8
  5463 | D:5      | Entered Level 5 of the Dungeon
  5463 | D:5      | Noticed Eustachio
  5465 | D:5      | Killed Eustachio
  5465 | D:5      | Reached **** piety under Trog
  5465 | D:5      | Reached skill level 5 in Dodging
  5850 | D:5      | Noticed Menkaure
  5856 | D:5      | Killed Menkaure
  5856 | D:5      | Reached XP level 9. HP: 43/57 MP: 9/9
  6415 | D:5      | Found an iron altar of Okawaru.
  6416 | D:5      | Noticed Sigmund
  6425 | D:5      | Killed Sigmund
  7557 | D:6      | Reached skill level 1 in Shields
  8074 | D:7      | Found a shadowy altar of Dithmenos.
  8286 | D:7      | Found a transporter.
  8289 | D:7      | Noticed Gynju's ghost (novice DEFE)
  8291 | D:7      | Noticed a centaur warrior
  8350 | D:7      | Reached ***** piety under Trog
  8365 | D:7      | Reached XP level 10. HP: 34/66 MP: 10/10
  8721 | D:7      | Found a transporter.
  8749 | D:7      | Found a staircase to the Ecumenical Temple.
  8754 | Temple   | Entered the Ecumenical Temple
  9444 | D:7      | Noticed a gargoyle
  9471 | D:7      | Killed a gargoyle
  9749 | D:7      | Noticed a gargoyle
  9752 | D:7      | Killed a gargoyle
  9759 | D:7      | Noticed a gargoyle
  9765 | D:7      | Killed a gargoyle
  9830 | D:7      | Noticed a gargoyle
  9845 | D:7      | Killed a gargoyle
 10103 | D:8      | Noticed Gastronok
 10252 | D:8      | Killed Gastronok
 10252 | D:8      | Reached skill level 10 in Fighting
 10252 | D:8      | Reached skill level 10 in Dodging
 10252 | D:8      | Reached skill level 5 in Shields
 10252 | D:8      | Reached XP level 11. HP: 53/73 MP: 11/11
 12319 | D:9      | Noticed Joseph
 12457 | D:9      | Noticed a two-headed ogre
 12526 | D:9      | Killed a two-headed ogre
 12991 | D:9      | Got a slimy ring mail
 13002 | D:9      | Identified the +2 ring mail of the Fisher {rC- rN++ rCorr
                  | Int-5 Slay+3} (You found it on level 9 of the Dungeon)
 13403 | D:9      | Killed Joseph
 13403 | D:9      | Reached skill level 5 in Armour
 13661 | D:10     | Entered Level 10 of the Dungeon
 14315 | D:10     | Found a staircase to the Orcish Mines.
 15382 | D:11     | Received a gift from Trog
 15584 | D:11     | Killed an unseen horror
 15584 | D:11     | Reached XP level 12. HP: 13/78 MP: 4/12
 16005 | D:11     | Found a staircase to the Lair.
 16039 | D:11     | Noticed a seven-headed hydra
 16659 | D:12     | Noticed a skeletal warrior
 16659 | D:12     | Noticed a skeletal warrior
 16659 | D:12     | Noticed a skeletal warrior
 16702 | D:11     | Killed a skeletal warrior
 16793 | D:11     | Slain by a skeletal warrior

Levels and vault maps discovered:
D:1:      lightli_arrival_isolated_outpost, layout_loops_ring,
          corexii_hall_statues_l
D:2:      layout_basic, uniq_jessica, uniq_terence
D:3:      layout_rooms, serial_bayou_pond_e, lightli_corner_chamber,
          uniq_natasha, uniq_robin, uniq_grinder
D:4:      layout_basic, nicolae_ossuary_entry_catacombs
D:5:      layout_rooms, portal_sewer_entry_e, first_ration, okawaru_trees_1,
          uniq_menkaure, uniq_sigmund, uniq_eustachio
D:6:      layout_basic
D:7:      cheibrodos_statue_roulette, layout_cave_pods,
          minmay_temple_entry_proselytizer, gammafunk_ghost_arena,
          grunt_dithmenos_shadows
D:8:      layout_loops_ring, serial_co_window_serial, co_window_paths_a,
          co_window_paths_a, co_window_paths_b, co_window_paths_a,
          co_window_paths_a, co_window_corner_a, co_window_paths_b,
          co_window_paths_a, co_window_paths_a, co_window_corner_ca,
          co_window_2corner, co_window_broadway_c, co_window_corner_b,
          co_window_corner_b, co_window_4corner_a, co_window_paths_e,
          glass_columns_a, uniq_gastronok
D:9:      layout_long_grid, uniq_joseph
D:10:     layout_basic, minmay_orc_entry_guard_dogs, grunt_ministairs_6
D:11:     layout_rooms, lair_entry_dummy, the_bakery
D:12:     layout_irregular_city, basic_altar
Temple:   nicolae_temple_the_god_donut

Skill      XL: |  1  2  3  4  5  6  7  8  9 10 11 12 |
---------------+-------------------------------------+-----
Stealth        | 1 2 3 5 7 8 9 |  9.8
Fighting       | 4 5 6 7 9 10 | 10.5
Short Blades   | 5 6 7 8 |  8.0
Dodging        | 3 5 7 10 | 10.1
Shields        | 2 5 |  5.6
Armour         | 7 |  7.7

Action                   |  1- 3 |  4- 6 |  7- 9 | 10-12 || total
-------------------------+-------+-------+-------+-------++-------
Melee: Short sword       |    96 |    51 |       |    69 ||   216
       Dagger            |       |    23 |   776 |   610 ||  1409
       Rapier            |       |       |       |   101 ||   101
Throw: Dart              |       |    11 |     4 |    18 ||    33
Invok: Berserk           |     1 |     3 |    12 |    13 ||    29
       Trog's Hand       |       |       |       |     1 ||     1
       Brothers in Arms  |       |       |       |     1 ||     1
  Use: Scroll            |       |       |       |     6 ||     6
 Stab: Sleeping          |     2 |     6 |    21 |    17 ||    46
  Eat: Chunk             |     8 |     9 |    16 |    45 ||    78
       Ration            |       |       |     2 |     3 ||     5
Armor: Animal skin       |    14 |     5 |     1 |       ||    20
       Leather armour    |       |       |   112 |    22 ||   134
       Ring mail         |       |       |       |    75 ||    75
Dodge: Dodged            |    60 |    35 |   433 |   410 ||   938
Block: Buckler           |       |       |    21 |   154 ||   175

Table legend:
 A = Non-vault XP
 B = Vault XP
 C = Vault XP percentage of total XP
 D = Non-vault monster count
 E = Vault monster count
 F = Vault count percentage of total count
                 A         B        C        D         E       F
            +---------+---------+-------+---------+---------+-------
      Total |   11404 |    6526 |  36.4 |     234 |      49 |  17.3
            +---------+---------+-------+---------+---------+-------
        D:1 |      27 |       0 |   0.0 |      16 |       0 |   0.0
        D:2 |      83 |     363 |  81.4 |      17 |       5 |  22.7
        D:3 |     328 |      69 |  17.4 |      35 |      11 |  23.9
        D:4 |     363 |     145 |  28.5 |      24 |       6 |  20.0
        D:5 |     429 |     623 |  59.2 |      18 |      11 |  37.9
        D:6 |     760 |       0 |   0.0 |      13 |       0 |   0.0
        D:7 |    1066 |    1810 |  62.9 |      22 |       6 |  21.4
        D:8 |     915 |    2213 |  70.7 |      25 |       1 |   3.8
        D:9 |    1755 |     455 |  20.6 |      22 |       1 |   4.3
       D:10 |    2400 |     637 |  21.0 |      20 |       7 |  25.9
       D:11 |    2227 |     211 |   8.7 |      16 |       1 |   5.9
       D:12 |    1051 |       0 |   0.0 |       6 |       0 |   0.0
            +---------+---------+-------+---------+---------+-------
